 Dungeon Sprint DCSS version 0.31-a0-536-ga3e2962e35 (webtiles) character file.

Game seed: 12826097722862314588

1155 Conn the Arsonist (level 8, -1/48 HPs)
             Began as an Octopode Fire Elementalist on Aug 13, 2023.
             Was a Follower of Sif Muna.
             Killed by an exploding centaur (47 damage)
             ... ignited by their inner flame
             ... in the Dungeon (Sprint IX: "|||||||||||||||||||||||||||||").
             The game lasted 00:04:33 (667 turns).

Conn the Arsonist (Octopode Fire Elementalist)       Turns: 667, Time: 00:04:35

Health: -1/48      AC:  1    Str:  7    XL:     8   Next: 39%
Magic:  14/22      EV: 17    Int: 20    God:    Sif Muna [*.....]
Gold:   0          SH:  0    Dex: 15    Spells: 17/27 levels left

rFire   . . .        l - +2 rapier (distort)
rCold   . . .        (no shield)
rNeg    . . .        (helmet restricted)
rPois   .            (no amulet)
rElec   .            j - +2 ring of evasion
rCorr   .            k - +3 ring of dexterity
SInv    .            (no ring)
Will    .....        (no ring)
Stlth   ++++         (no ring)
HPRegen 0.28/turn    (no ring)
MPRegen 0.18/turn    (no ring)
                     (no ring)

%: no teleportation
@: no status effects
A: almost no armour, amphibious, 8 rings, camouflage 1, gelatinous body 1,
(nimble swimmer 1), tentacles
a: Renounce Religion, Channel Magic


You were in the Dungeon.
You worshipped Sif Muna.
Sif Muna was aware of your devotion.
You visited 1 branch

Inventory:

Hand Weapons
 l - a +2 rapier of distortion (weapon)
Jewellery
 j - a +2 ring of evasion (left tentacle)
 k - a +3 ring of dexterity (right tentacle)
Wands
 i - a wand of quicksilver (10)
Scrolls
 f - a scroll of blinking
 h - 2 scrolls of amnesia
Potions
 a - 4 potions of magic
 b - a potion of invisibility
 c - 2 potions of heal wounds
 d - a potion of haste
 e - a potion of berserk rage
 g - 4 potions of curing


   Skills:
 + Level 1.6 Fighting
 + Level 5.4 Dodging
 - Level 4.4 Stealth
 + Level 10.1 Spellcasting
 * Level 7.3 Conjurations
 + Level 1.8 Hexes
 + Level 10.9 Fire Magic
 * Level 2.6 Invocations


You had 17 spell levels left.
You knew the following spells:

 Your Spells              Type           Power      Damage    Failure   Level
a - Foxfire               Conj/Fire      100%       2x1d9     1%          1
b - Scorch                Fire           100%       2d9       1%          2
c - Inner Flame           Hex/Fire       35%        N/A       1%          3
d - Flame Wave            Conj/Fire      46%        2d12      1%          4

Your spell library contained the following spells:

 Spells                   Type           Power      Damage    Failure   Level
 Volatile Blastmotes      Fire/Tloc      64%        2d15      2%          3


Dungeon Overview and Level Annotations

Branches:
Dungeon (1/1)

Altars:
Cheibriados
Dithmenos
Elyvilon
Fedhas
Gozag
Hepliaklqana
Kikubaaqudgha
Makhleb
Nemelex Xobeh
Okawaru
Qazlal
Ru
Sif Muna
Trog
Uskayaw
Vehumet
Wu Jian
Xom
Yredelemnul
Zin
The Shining One
Jiyva
Lugonu


Innate Abilities, Weirdness & Mutations

You cannot wear most types of armour.
You are amphibious.
You can wear up to eight rings at the same time.
Your skin changes colour to match your surroundings (Stealth+).
Your rubbery body absorbs attacks. (AC +1, EV +1)
((You are camouflaged when in or above water. (Stealth+)))
You have tentacles for arms and can constrict up to eight enemies at once.


Message History

The centaur shoots an arrow.
The arrow misses you.
The centaur unwields a +0 orcbow.
The centaur closely misses you. The centaur barely misses you.
You see here a +0 cloak.
Casting: Scorch (safe; 1% risk of failure)
Confirm with . or Enter, or press ? or * to list all spells.
Aiming: Inner Flame (safe; 1% risk of failure)
Press: ? - help, Dir - move target, f - centaur
Aim: a centaur (chance to affect: 87%)
The centaur is filled with an inner flame.
The centaur hits you. The centaur closely misses you.
The centaur completely misses you. The centaur barely misses you.
Unknown command.
Casting: Inner Flame (safe; 1% risk of failure)
Confirm with . or Enter, or press ? or * to list all spells.
Okay, then.
Unknown command.
Unknown command.
Casting: Inner Flame (safe; 1% risk of failure)
Confirm with . or Enter, or press ? or * to list all spells.
Aiming: Inner Flame (safe; 1% risk of failure)
Press: ? - help, Dir - move target, f - troll, p - centaur
Aim: a troll (chance to affect: 87%)
The troll is filled with an inner flame.
The centaur closely misses you. The centaur barely misses you.
Unknown command.
Casting: Inner Flame (safe; 1% risk of failure)
Confirm with . or Enter, or press ? or * to list all spells.
Flames lash the centaur.
Flame seeps out of the centaur.
The centaur is moderately wounded.
The centaur's fire resistance burns away.
The centaur is engulfed in blazing flames.
Flame seeps out of the centaur.
The centaur hits you. The centaur closely misses you.
The centaur is engulfed in blazing flames.
Sif Muna accepts your kill.
The centaur explodes!
The fiery explosion engulfs you!!!
Ouch! That really hurt!
You die... ▓▓▓▓▓▓▓▓▓▓▓▓▓▓▓▓▓▓▓▓▓▓▓▓▓▓▓▓ ___________'..).@○T..'..zcT. ▓▓▓▓▓▓▓▓▓▓▓▓▓▓▓▓▓▓▓▓▓▓▓▓▓▓▓▓

You could see a troll (inner flame).

Vanquished Creatures
  A two-headed ogre (D)
  A troll (D)
  A wraith (D)
  An ogre (D)
  A centaur (D)
  A scorpion (D)
  A wight (D)
  An adder (D)
  An ufetubus (D)
  An orc (D)
  2 ball pythons (D)
  An endoplasm (D)
  2 bats (D)
15 creatures vanquished.

Vanquished Creatures (others)
  6 foxfires (D)
6 creatures vanquished.

Grand Total: 21 creatures vanquished

Notes
Turn   | Place    | Note
-------+----------+-------------------------------------------
     0 | D        | Conn the Octopode Fire Elementalist began the quest for the
                  | Orb.
     0 | D        | Reached XP level 1. HP: 11/11 MP: 3/3
    41 | D        | Noticed a scorpion
    41 | D        | Noticed an ogre
    58 | D        | Reached XP level 2. HP: 17/17 MP: 1/5
    65 | D        | Learned a level 2 spell: Scorch
   116 | D        | Killed a scorpion
   117 | D        | Reached skill level 5 in Fire Magic
   117 | D        | Reached XP level 3. HP: 10/21 MP: 1/8
   117 | D        | Reached XP level 4. HP: 13/27 MP: 1/10
   124 | D        | Killed an ogre
   125 | D        | Reached skill level 5 in Spellcasting
   125 | D        | Reached XP level 5. HP: 32/32 MP: 1/13
   221 | D        | Found a snail-covered altar of Cheibriados.
   221 | D        | Found a shadowy altar of Dithmenos.
   221 | D        | Found a white marble altar of Elyvilon.
   221 | D        | Found a blossoming altar of Fedhas.
   221 | D        | Found an opulent altar of Gozag.
   222 | D        | Found a hazy altar of Hepliaklqana.
   223 | D        | Found a viscous altar of Jiyva.
   224 | D        | Found an ancient bone altar of Kikubaaqudgha.
   225 | D        | Found a corrupted altar of Lugonu.
   226 | D        | Found a burning altar of Makhleb.
   227 | D        | Found a sparkling altar of Nemelex Xobeh.
   228 | D        | Found an iron altar of Okawaru.
   229 | D        | Found a stormy altar of Qazlal.
   230 | D        | Found a sacrificial altar of Ru.
   231 | D        | Found a shimmering blue altar of Sif Muna.
   232 | D        | Found a bloodstained altar of Trog.
   233 | D        | Found a hide-covered altar of Uskayaw.
   234 | D        | Found a radiant altar of Vehumet.
   235 | D        | Found an ornate altar of the Wu Jian Council.
   236 | D        | Found a shimmering altar of Xom.
   237 | D        | Found a basalt altar of Yredelemnul.
   238 | D        | Found a glowing silver altar of Zin.
   239 | D        | Became a worshipper of Sif Muna the Loreminder
   240 | D        | Found a glowing golden altar of the Shining One.
   299 | D        | Learned a level 3 spell: Inner Flame
   304 | D        | Learned a level 4 spell: Flame Wave
   305 | D        | Noticed a troll
   305 | D        | Noticed a two-headed ogre
   305 | D        | Noticed a wraith
   305 | D        | Noticed a centaur
   305 | D        | Noticed a troll
   330 | D        | Killed a two-headed ogre
   331 | D        | Reached skill level 1 in Fighting
   331 | D        | Reached skill level 5 in Dodging
   331 | D        | Reached skill level 1 in Hexes
   331 | D        | Reached skill level 10 in Fire Magic
   331 | D        | Reached XP level 6. HP: 33/38 MP: 0/18
   331 | D        | Reached XP level 7. HP: 37/43 MP: 0/19
   435 | D        | Killed a troll
   436 | D        | Reached skill level 1 in Invocations
   436 | D        | Reached XP level 8. HP: 48/48 MP: 8/21
   519 | D        | Killed a wraith
   519 | D        | Reached * piety under Sif Muna
   520 | D        | Reached skill level 10 in Spellcasting
   667 | D        | Killed by an exploding centaur... ignited by their inner
                  | flame

Illustrated notes

Levels and vault maps discovered:
D:        linesprint [early_d, line_temple, items_1, d_10, items_2, lair_1,
          lair_end, items_3, orc_1, orc_end, items_4, d_15, swamp_1, shoals_1,
          snake_1, spider_1, d_20, vaults_1, items_5, swamp_end, shoals_end,
          snake_end, spider_end, vaults_end, d_27, items_6, zot_1, zot_end,
          crypt_end, forest_end, elf_end, slime_end, tomb_end, abyss_end,
          pan_hell_end]

Skill      XL: |  1  2  3  4  5  6  7  8 |
---------------+-------------------------+-----
Fire Magic     | 4 5 7 10 | 10.9
Stealth        | 3 4 |  4.4
Dodging        | 3 5 |  5.4
Spellcasting   | 4 5 9 10 | 10.1
Conjurations   | 3 4 6 7 |  7.3
Fighting       | 1 |  1.6
Hexes          | 1 |  1.8
Invocations    | 1 2 |  2.6

Action                     |  1- 3 |  4- 6 |  7- 9 || total
---------------------------+-------+-------+-------++-------
  Melee: Unarmed           |    28 |       |       ||    28
         Constrict         |     7 |       |       ||     7
         Tentacles         |     5 |     1 |       ||     6
         Punch             |     1 |       |       ||     1
         Rapier            |       |     1 |       ||     1
   Cast: Foxfire           |     4 |     5 |     3 ||    12
         Scorch            |     2 |     6 |    11 ||    19
         Inner Flame       |       |     3 |     3 ||     6
    Use: Potion            |       |     3 |       ||     3
         Scroll            |       |     1 |       ||     1
 Armour: Skin              |     5 |     1 |     1 ||     7
  Dodge: Dodged            |    29 |    12 |    11 ||    52

Table legend: (Time is in decaauts)
 A = Elapsed time spent in this place.
 B = Non-inter-level travel time spent in this place.
 C = Inter-level travel time spent in this place.
 D = Time resting spent in this place.
 E = Time spent auto-exploring this place.
 F = Levels seen in this place.
 G = Mean time per level.
                   A        B        C        D        E       F      G
               +--------+--------+--------+--------+--------+-----+--------+
         Total |    665 |    665 |      0 |    361 |      0 |   1 |  665.0 |
       Dungeon |    665 |    665 |      0 |    361 |      0 |   1 |  665.0 |
               +--------+--------+--------+--------+--------+-----+--------+

Top non-repeatable levels by time:
       D: 665 daAuts
